 Dungeon Crawl Stone Soup version 0.27-a0-1232-gc6a4cbde82 (webtiles) character file.

Game seed: 1127935249943119367

421 mordus the Chiller (level 6, -3/45 HPs)
             Began as a Draconian Ice Elementalist on June 8, 2021.
             Succumbed to Eustachio's poison
             ... on level 4 of the Dungeon.
             The game lasted 00:10:49 (4177 turns).

mordus the Chiller (Draconian Ice Elementalist)     Turns: 4177, Time: 00:10:50

Health: -3/45      AC: 13    Str: 11    XL:     6   Next: 62%
Magic:  4/9        EV: 12    Int: 17    God:
Gold:   151        SH:  0    Dex: 11    Spells: 3/10 levels left

rFire    . . .     SeeInvis .   b - +0 dagger
rCold    . . .     Faith    .   (no shield)
rNeg     . . .     Spirit   .   (armour unavailable)
rPois    .         Reflect  .   (helmet restricted)
rElec    .         Harm     .   (no cloak)
rCorr    .         Rampage  .   (no gloves)
Will     .....                  (no boots)
Stlth    ++........             (no amulet)
HPRegen  0.15/turn              (no ring)
MPRegen  0.11/turn              (no ring)

@: lethally poisoned (-3 -> -14), ice-armoured, freezing walls, slowed, very
slow
A: AC +6, unfitting armour, cold-blooded
a: no special abilities


You were on level 4 of the Dungeon.
You visited 1 branch of the dungeon, and saw 4 of its levels.

You collected 151 gold pieces.

Inventory:

Hand Weapons
 b - a +0 dagger (weapon)
Armour
 g - a +0 buckler
Wands
 j - a wand of iceblast (7)
 o - a wand of paralysis (4)
Scrolls
 d - a scroll of magic mapping {unknown}
 e - a scroll of immolation {unknown}
 h - a scroll of enchant weapon {unknown}
 i - a scroll of fog {unknown}
 k - a scroll of vulnerability {unknown}
 l - a scroll of identify {unknown}
 m - a scroll of amnesia {unknown}
Potions
 a - a potion of heal wounds {unknown}
 f - 3 potions of mutation {unknown}
 n - 2 potions of attraction {unknown}


   Skills:
 + Level 3.3 Dodging
 - Level 1.7 Stealth
 - Level 2.5 Spellcasting
 * Level 7.1 Ice Magic


You had 3 spell levels left.
You knew the following spells:

 Your Spells              Type           Power      Damage    Failure   Level
a - Freeze                Ice            100%       1d11      1%          1
b - Frozen Ramparts       Ice            52%        1d7       3%          3
c - Ozocubu's Armour      Ice            26%        N/A       3%          3

Your spell library contained the following spells:

 Spells                   Type           Power      Damage    Failure   Level
 Ensorcelled Hibernation  Hex/Ice        28%        N/A       6%          2
 Corona                   Hex            2%         N/A       19%         1
 Magic Dart               Conj           8%         1d3       19%         1
 Blink                    Tloc           N/A        N/A       28%         2
 Call Imp                 Summ           2%         N/A       28%         2
 Slow                     Hex            2%         N/A       28%         2
 Confusing Touch          Hex            2%         N/A       50%         3
 Conjure Flame            Conj/Fire      2%         6-21      50%         3
 Dazzling Flash           Conj/Hex       4%         N/A       50%         3
 Mephitic Cloud           Conj/Pois/Air  2%         N/A       50%         3
 Tukima's Dance           Hex            2%         N/A       50%         3
 Hailstorm                Conj/Ice       14%        3d5       38%         4
 Metabolic Englaciation   Hex/Ice        7%         N/A       75%         5


Dungeon Overview and Level Annotations

Branches:
Dungeon (4/15)
 Temple: D:4-7

Altars:

Annotations:
D:4 Eustachio


Innate Abilities, Weirdness & Mutations

Your plain brown scales are hard. (AC +6)
You cannot fit into any form of body armour.
You are cold-blooded and may be slowed by cold attacks.


Message History

The wall freezes Eustachio!
Eustachio hits you with a +3 rapier of venom.
* * * LOW HITPOINT WARNING * * *
You are more poisoned.
It was a potion of curing.
You feel better.
The wall freezes the hornet.
The hornet closely misses you.
The wall freezes Eustachio.
Eustachio hits you with a +3 rapier of venom.
* * * LOW HITPOINT WARNING * * *
You are lethally poisoned!
The wall freezes the hornet.
The hornet barely misses you.
The wall freezes Eustachio!
Eustachio hits you with a +3 rapier of venom.
* * * LOW HITPOINT WARNING * * *
You feel better.
The wall freezes the hornet but does no damage.
The hornet stings you.
* * * LOW HITPOINT WARNING * * *
You are poisoned.
You feel as though you will be slow longer.
The wall freezes the hornet.
The hornet barely misses you.
The wall freezes Eustachio.
Eustachio barely misses you.
The wall freezes the hornet.
The hornet stings you.
* * * LOW HITPOINT WARNING * * *
You feel as though you will be slow longer.
Unknown command.
You feel better.
The wall freezes the hornet.
The hornet stings you.
* * * LOW HITPOINT WARNING * * *
You feel as though you will be slow longer.
The wall freezes Eustachio.
Eustachio hits you with a +3 rapier of venom.
* * * LOW HITPOINT WARNING * * *
The wall freezes the hornet.
The hornet stings you but does no damage.
The wall freezes Eustachio.
Eustachio hits you with a +3 rapier of venom.
* * * LOW HITPOINT WARNING * * *
You are lethally poisoned!
You barely miss the hornet.
The hornet is almost dead.
You die...

.##...<...##[#.# .#
.##.......##.#.# .#
###.......## #.#
#.......#
###.......#
..#.......#### ##
#.#.......#.... .#
#.#.......#.##.##.#
#.#########.##.y@@#
#># #.####..#
#.##### #.####..#
..#...### #.......#
#.......# #......##
#.......# #.######
........###.#
#.#.........#
#.#####.#####


You could see Eustachio and a hornet.

Vanquished Creatures
  An ogre (D:3)
  A scorpion (D:4)
  A hound (D:4)
  An iguana (D:4)
  8 adders
  6 gnolls
  A worm (D:2)
  3 dart slugs
  4 orcs
  4 endoplasms
  4 giant cockroaches
  6 goblins
  6 hobgoblins
  8 jackals
  4 quokkas
  9 ball pythons
  6 bats
  A frilled lizard (D:1)
  4 kobolds
  A quokka skeleton (D:4)
  3 rats (D:2)
82 creatures vanquished.

Notes
Turn   | Place    | Note
-------+----------+-------------------------------------------
     0 | D:1      | mordus the Draconian Ice Elementalist began the quest for
                  | the Orb.
     0 | D:1      | Reached XP level 1. HP: 14/14 MP: 3/3
   202 | D:1      | Reached XP level 2. HP: 17/20 MP: 1/5
   928 | D:1      | Found a faded altar of an unknown god.
  1228 | D:2      | Reached XP level 3. HP: 26/26 MP: 3/6
  1289 | D:2      | Learned a level 3 spell: Frozen Ramparts
  1465 | D:2      | Reached skill level 5 in Ice Magic
  1779 | D:2      | Learned a level 3 spell: Ozocubu's Armour
  1805 | D:2      | Reached XP level 4. HP: 27/33 MP: 0/7
  2451 | D:3      | Reached XP level 5. HP: 33/38 MP: 2/8
  2524 | D:3      | Reached skill level 6 in Ice Magic
  3275 | D:3      | Noticed an ogre
  3283 | D:3      | Killed an ogre
  3284 | D:3      | Reached XP level 6. HP: 21/45 MP: 1/9
  3762 | D:4      | Reached skill level 7 in Ice Magic
  4167 | D:4      | Noticed Eustachio
  4170 | D:4      | Noticed a hornet
  4176 | D:4      | HP: 1/45 [Eustachio/+3 rapier of venom (2)]
  4177 | D:4      | Succumbed to Eustachio's poison

Illustrated notes

Levels and vault maps discovered:
D:1:      elethiomel_arrival_shortcut, layout_basic,
          shapermc_ecumenical_altar_mp_urbaneastern, minmay_domino_4
D:2:      layout_rooms, serial_bayou_crossing
D:3:      layout_basic, kennysheep_generic_room_11
D:4:      layout_loops_cross, grunt_ministairs_3, minmay_circle_x, uniq_natasha,
          uniq_eustachio, uniq_crazy_yiuf_cottage, uniq_robin

Skill      XL: |  1  2  3  4  5  6 |
---------------+-------------------+-----
Ice Magic      | 5 6 7 |  7.1
Dodging        | 2 3 |  3.3
Stealth        | |  1.7
Spellcasting   | |  2.5

Action                   |  1- 3 |  4- 6 || total
-------------------------+-------+-------++-------
Melee: Unarmed           |    27 |       ||    27
       Tailslap          |     9 |     1 ||    10
       Dagger            |    75 |    38 ||   113
 Cast: Freeze            |    46 |    23 ||    69
       Frozen Ramparts   |     1 |    20 ||    21
       Ozocubu's Armour  |     1 |     5 ||     6
  Use: Potion            |       |     3 ||     3
 Stab: Sleeping          |     2 |       ||     2
Armor: Skin              |    52 |    23 ||    75
Dodge: Dodged            |   111 |    57 ||   168

Table legend: (Time is in decaauts)
 A = Elapsed time spent in this place.
 B = Non-inter-level travel time spent in this place.
 C = Inter-level travel time spent in this place.
 D = Time resting spent in this place.
 E = Time spent auto-exploring this place.
 F = Levels seen in this place.
 G = Mean time per level.
                   A        B        C        D        E       F      G
               +--------+--------+--------+--------+--------+-----+--------+
         Total |   4188 |   4090 |     98 |    882 |   2471 |   4 | 1047.0 |
       Dungeon |   4188 |   4090 |     98 |    882 |   2471 |   4 | 1047.0 |
               +--------+--------+--------+--------+--------+-----+--------+

Top non-repeatable levels by time:
     D:2: 1355 daAuts
     D:3: 1218 daAuts
     D:1: 1091 daAuts
     D:4: 523 daAuts
